 Dungeon Crawl Stone Soup version 0.29.0-4-gdea44cf6ec (webtiles) character file.

Game seed: 8830731630816545784

20 SnakkuSnakku7 the Caller (level 2, -1/20 HPs)
             Began as a Palentonga Summoner on Aug 27, 2022.
             Slain by a jackal (2 damage)
             ... on level 2 of the Dungeon.
             The game lasted 00:01:04 (609 turns).

SnakkuSnakku7 the Caller (Palentonga Summoner)       Turns: 609, Time: 00:01:05

Health: -1/20      AC:  7    Str: 13    XL:     2   Next: 58%
Magic:  5/5        EV:  3    Int: 15    God:
Gold:   26         SH:  0    Dex: 10    Spells: 4/5 levels left

rFire   + . .      SeeInvis +   f - +0 whip
rCold   + . .      Faith    .   (no shield)
rNeg    . . .      Spirit   .   i - +0 chain mail
rPois   +          Reflect  .   (no helmet)
rElec   +          Harm     .   (no cloak)
rCorr   +          Rampage  .   (no gloves)
Will    .....                   (no barding)
Stlth   ..........              (no amulet)
HPRegen 0.06/turn               (no ring)
MPRegen 0.09/turn               (no ring)

@: resistant
A: large, rugged brown scales 3, see invisible, deformed body, roll 1, armoured
tail
a: Rolling Charge


You were on level 2 of the Dungeon.
You visited 1 branch of the dungeon, and saw 2 of its levels.

You collected 26 gold pieces.

Inventory:

Hand Weapons
 f - a +0 whip (weapon)
Armour
 a - a +0 robe
 i - a +0 chain mail (worn)
Scrolls
 c - a scroll of identify {unknown}
 h - a scroll of summoning {unknown}
 j - 2 scrolls of butterflies {unknown}
Potions
 b - a potion of magic
 e - a potion of degeneration {unknown}
 g - a potion of heal wounds {unknown}


   Skills:
 - Level 1.5 Dodging
 - Level 1.2 Stealth
 - Level 2.0 Spellcasting
 + Level 3.9 Summonings


You had 4 spell levels left.
You knew the following spells:

 Your Spells              Type           Power      Damage    Failure   Level
a - Summon Small Mammal   Summ           52%        N/A       86%         1

Your spell library contained the following spells:

 Spells                   Type           Power      Damage    Failure   Level
 Call Imp                 Summ           13%        N/A       94%         2
 Call Canine Familiar     Summ           13%        N/A       99%         3
 Static Discharge         Conj/Air       1%         3-4/arc   100%        2
 Summon Guardian Golem    Hex/Summ       7%         N/A       100%        3
 Dispel Undead            Necr           1%         3d6       100%        4
 Sticky Flame             Conj/Fire      1%         2d3       100%        4
 Summon Lightning Spire   Summ/Air       7%         N/A       100%        4


Dungeon Overview and Level Annotations

Branches:
Dungeon (2/15)

Altars:


Innate Abilities, Weirdness & Mutations

You are completely covered in rugged brown scales. (AC +3, +7% HP)
You have supernaturally acute eyesight. (SInv)
Armour fits poorly on your strangely shaped body.
You can roll at nearby foes to attack.
You have a long armoured tail.


Message History

The jackal bites you. x2
You hit the jackal.
You kill the jackal!
The jackal bites you but does no damage.
You hit the jackal.
The jackal is almost dead.
The jackal bites you but does no damage.
You completely miss the jackal.
You tail-slap the jackal, but do no damage.
The jackal is almost dead.
The jackal bites you.
* * * LOW HITPOINT WARNING * * *
The jackal bites you but does no damage.
You barely miss the jackal.
The jackal is almost dead.
The jackal bites you but does no damage.
A quokka comes into view.
You barely miss the jackal.
The jackal is severely wounded.
The jackal barely misses you. The jackal bites you.
* * * LOW HITPOINT WARNING * * *
You hit the jackal.
The jackal is almost dead.
The jackal barely misses you.
Casting: Summon Small Mammal (safe; 86% risk of failure)
Press: ? - help, Q - select action, (/) - cycle Dir - look around, f - activate
Okay, then.
Roll where?
Press: ? - help, Dir - move target, f - quokka
Aim: a quokka You roll forward with a clatter of scales!
You closely miss the quokka.
The quokka bites you but does no damage.
The quokka barely misses you. The quokka bites you.
* * * LOW HITPOINT WARNING * * *
It was a potion of resistance.
You feel protected. The jackal bites you.
You die...

### .....# .. .....#
.....[..# .... ...##
....###..## ########.
......#...####........
...........°hhr.......
..........####@.....#
....##..<...##..##..#
# ###.......... .
#...(##.#### ##..†...#
#......# #..<......
##....#.## ##...#...


You could see a quokka and 2 jackals.

Vanquished Creatures
  A worm (D:2)
  An endoplasm (D:1)
  A giant cockroach (D:1)
  3 goblins (D:1)
  2 jackals (D:2)
  2 kobolds (D:1)
  2 ball pythons (D:1)
  4 bats (D:1)
16 creatures vanquished.

Notes
Turn   | Place    | Note
-------+----------+-------------------------------------------
     0 | D:1      | SnakkuSnakku7 the Palentonga Summoner began the quest for
                  | the Orb.
     0 | D:1      | Reached XP level 1. HP: 13/13 MP: 3/3
   124 | D:1      | Reached XP level 2. HP: 13/20 MP: 5/5
   608 | D:2      | HP: 1/20 [quokka (2)]
   609 | D:2      | Slain by a jackal

Illustrated notes

Levels and vault maps discovered:
D:1:      dpeg_arrival_renting, layout_rooms
D:2:      layout_rooms, ebering_ecumenical_altar_abandoned

Action                   || total
-------------------------++-------
Melee: Whip              ||    53
       Unarmed           ||     7
       Tailslap          ||     9
       Punch             ||     1
 Abil: Rolling Charge    ||     2
  Use: Potion            ||     1
Armor: Robe              ||    28
       Chain mail        ||    33
Dodge: Dodged            ||    32
